 Dungeon Crawl Stone Soup version 0.17.1-3-g152610e (webtiles) character file.

247 Jerry the Caller (level 5, -2/35 HPs)
             Began as a Mummy Summoner on Apr 3, 2016.
             Slain by Execuda's ghost (14 damage)
             ... on level 5 of the Dungeon.
             The game lasted 00:31:11 (4426 turns).

Jerry the Caller (Mummy Summoner)                   Turns: 4426, Time: 00:31:11

Health: -2/35      AC:  3    Str: 12    XL:     5   Next: 85%
Magic:  4/9        EV: 13    Int: 15    God:
Gold:   285        SH:  0    Dex: 12    Spells: 3 memorised, 4 levels left

rFire  x . .     SeeInvis .     g - +0 halberd
rCold  + + .     Clarity  .     a - +0 robe
rNeg   + + +     SustAt   .     (shield currently unavailable)
rPois  ∞         Gourm    .     c - +1 hat
rElec  .         Spirit   .     (no cloak)
rCorr  .         Warding  .     (no gloves)
rMut   .         Stasis   .     (no boots)
MR     .....                    (no amulet)
Stlth  ++........               (no ring)
                                m - ring of protection from cold

@: not resistant to hostile enchantments, unstealthy
A: no food or potions, fire vulnerability, cold resistance 1, negative energy
resistance 3, torment resistance, unbreathing
a: no special abilities


You were on level 5 of the Dungeon.
You were not hungry.

You visited 1 branch of the dungeon, and saw 5 of its levels.

You collected 285 gold pieces.

Inventory:

Hand Weapons
 e - a +0 spear
 g - a +0 halberd (weapon)
Armour
 a - a +0 robe (worn)
 c - a +1 hat (worn)
Jewellery
 m - a ring of protection from cold (left hand)
Wands
 h - a wand of random effects (22)
 p - a wand of digging (17)
Scrolls
 d - 2 scrolls of teleportation {unknown}
 f - a scroll of magic mapping {unknown}
 i - 4 scrolls of identify {unknown}
 j - 2 scrolls of remove curse {unknown}
 k - a scroll of noise {unknown}
 l - a scroll of blinking {unknown}
 n - a scroll of immolation {unknown}
 o - a scroll of fog {unknown}
Books
 b - a book of Callings

   Spells                             Type                      Level
   a - Summon Small Mammal            Summoning                    1
   b - Call Imp                       Summoning                    2
   c - Call Canine Familiar           Summoning                    3
   d - Summon Guardian Golem          Hexes/Summoning              3
   e - Summon Lightning Spire         Summoning/Air                4
   f - Summon Ice Beast               Ice/Summoning                4


   Skills:
 + Level 2.9 Dodging
 - Level 1.5 Stealth
 + Level 3.2 Spellcasting
 * Level 4.8 Summonings


You had 4 spell levels left.
You knew the following spells:

 Your Spells              Type           Power        Failure   Level  Hunger
a - Summon Small Mammal   Summ           ###.         2%          1    N/A
b - Call Canine Familiar  Summ           ###.....     10%         3    N/A
c - Call Imp              Summ           ###.....     4%          2    N/A

Dungeon Overview and Level Annotations

Branches:
Dungeon (5/15)
 Temple: D:4-7

Altars:
Gozag

Annotations:
D:5 Execuda's ghost, novice FoFi


Innate Abilities, Weirdness & Mutations

You do not eat or drink.
Your flesh is vulnerable to fire.
You are immune to poison.
Your flesh is cold resistant.
You are immune to negative energy.
You are immune to unholy pain and torment.
You can survive without breathing.


Message History

Confirm with . or Enter, or press ? or * to list all spells.
The crimson imp hits you but does no damage.
Execuda's ghost complains, "You're an easy kill, but not a fun one."
Execuda's ghost hits you!
You miss the crimson imp.
Your hound closely misses the crimson imp.
The crimson imp hits you but does no damage.
Execuda's ghost hits you.
Your hound bites the crimson imp.
Unknown command.
You swap places.
The crimson imp hits you.
Your hound misses the crimson imp.
Execuda's ghost ripples.
Execuda's ghost hits you.
Your hound bites the crimson imp.
The crimson imp closely misses you.
Your hound wags its tail.
Your hound closely misses the crimson imp.
Casting: Call Canine Familiar
Confirm with . or Enter, or press ? or * to list all spells.
A beastly little devil appears in a puff of flame.
The crimson imp hits you. Execuda's ghost hits you!
You die...

.##. ..#.. .....
.... ..# ###.#
###h..##
##.5W...##
###..@.....##
###...........#
##......5##......
###.......##
##....
###........##
..##
###....##...## .#
###....###...## #
#..%.###.#..##
....###....##


You could see Execuda's ghost, a crimson imp, a friendly hound and a friendly
crimson imp.

Vanquished Creatures
  A necrophage (D:3)
  A centaur skeleton (D:4)
  2 worker ants (D:4)
  An adder (D:2)
  2 oozes
  3 giant geckos
  An orc (D:3)
  6 bats
  A giant cockroach (D:2)
  2 goblins
  6 hobgoblins
  4 jackals
  A ball python (D:3)
  A jackal zombie (D:3)
  5 kobolds
  A quokka (D:5)
  6 rats
44 creatures vanquished.

Vanquished Creatures (collateral kills)
  A giant frog (D:4)
  An orc wizard (D:3)
  An iguana (D:4)
  2 adders
  A worm (D:2)
  2 orcs (D:3)
  3 ball pythons
  A hobgoblin (D:2)
  3 jackals
  A quokka (D:3)
  A giant cockroach (D:1)
  3 goblins
  5 kobolds
25 creatures vanquished.

Grand Total: 69 creatures vanquished

Notes
Turn   | Place    | Note
--------------------------------------------------------------
     0 | D:1      | Jerry the Mummy Summoner began the quest for the Orb.
     0 | D:1      | Reached XP level 1. HP: 13/13 MP: 3/3
   463 | D:1      | Reached XP level 2. HP: 19/19 MP: 1/5
  1306 | D:2      | Reached XP level 3. HP: 24/24 MP: 3/6
  1317 | D:2      | Learned a level 3 spell: Call Canine Familiar
  2543 | D:3      | Reached skill level 4 in Summonings
  2638 | D:3      | Reached XP level 4. HP: 30/30 MP: 4/7
  3067 | D:3      | Noticed a necrophage
  3087 | D:3      | Killed a necrophage
  3364 | D:3      | Reached XP level 5. HP: 5/35 MP: 4/9
  3641 | D:3      | Learned a level 2 spell: Call Imp
  3903 | D:4      | Noticed a giant frog
  3913 | D:4      | Killed a giant frog
  3920 | D:4      | Found an opulent altar of Gozag.
  4290 | D:5      | Entered Level 5 of the Dungeon
  4308 | D:5      | Noticed an ogre
  4331 | D:5      | Noticed Execuda's ghost (novice FoFi)
  4426 | D:5      | Slain by Execuda's ghost

Action                   |  1- 3 |  4- 6 || total
-------------------------+-------+-------++-------
Melee: Spear             |   108 |       ||   108
       Unarmed           |     3 |       ||     3
       Halberd           |     7 |    53 ||    60
 Cast: Summon Small Mamm |    68 |     6 ||    74
       Call Canine Famil |       |    11 ||    11
       Call Imp          |       |    11 ||    11
 Stab: Sleeping          |     4 |     1 ||     5
       Distracted        |     3 |     1 ||     4
